SAAA
GRYFINDOR BRAVES @ PAWNEE PARKSNREC
09/02/2032
 
TOP OF THE 1ST
Gryfindor Braves batting - Pitching for Pawnee ParksNRec : RHP Wally Copeland
Pitching: RHP Wally Copeland
Batting: RHB Gonzalo Ángel 0-0: Foul Ball, location: 2F
0-1: Swinging Strike
0-2: Ball
1-2: Strikes out swinging
Batting: RHB Damon Newbold 0-0: Ball
1-0: Foul Ball, location: 2F
1-1: Ball
2-1: Swinging Strike
2-2: Ball
3-2: Base on Balls
Batting: LHB Jesús Lazcano 0-0: Ball
Throwing error on steal attempt, E2
Damon Newbold to third
1-0: Ball
2-0: Foul Ball, location: 2F
2-1: Ground out 5-3 (Groundball, 56S)
Damon Newbold scores
Batting: LHB Austin Hathaway 0-0: Called Strike
0-1: Foul Ball, location: 2F
0-2: Ball
1-2: SINGLE (Groundball, 56D)
Batting: LHB David Breitling 0-0: Ball
1-0: Ball
2-0: Called Strike
2-1: Fly out, F8 (Flyball, 89S)
Top of the 1st over - 1 run, 1 hit, 1 error, 1 left on base; Gryfindor 1 - Pawnee 0
BOTTOM OF THE 1ST
Pawnee ParksNRec batting - Pitching for Gryfindor Braves : LHP Octávio Ríos
Pitching: LHP Octávio Ríos
Batting: RHB Sherman N'Dir 0-0: Swinging Strike
0-1: Foul Ball, location: 2F
0-2: Ball
1-2: Ground out 1-3 (Groundball, 13)
Batting: RHB Mike Lipide 0-0: Called Strike
0-1: Ground out 4-3 (Groundball, 4S)
Batting: RHB Daryl Yandell 0-0: Ball
1-0: Ball
2-0: Called Strike
2-1: Swinging Strike
2-2: Ball
3-2: Foul Ball, location: 2F
3-2: Base on Balls
Batting: RHB Wilfred McLaughlin 0-0: Ball
1-0: Ball
2-0: Fly out, F8 (Line Drive, 8LD)
Bottom of the 1st over - 0 runs, 0 hits, 0 errors, 1 left on base; Gryfindor 1 - Pawnee 0
TOP OF THE 2ND
Gryfindor Braves batting - Pitching for Pawnee ParksNRec : RHP Wally Copeland
Batting: RHB Bob Petiet 0-0: Called Strike
0-1: Ball
1-1: Called Strike
1-2: Ball
2-2: Ball
3-2: Foul Ball, location: 2F
3-2: Fly out, F9 (Flyball, 9S)
Batting: LHB Donatas Montiejunas 0-0: Ball
1-0: Ground out 5-3 (Groundball, 56)
Batting: RHB Roy Herring 0-0: Swinging Strike
0-1: Foul Ball, location: 2F
0-2: Ball
1-2: Ball
2-2: Fly out, F8 (Flyball, 8RS)
Top of the 2nd over - 0 runs, 0 hits, 0 errors, 0 left on base; Gryfindor 1 - Pawnee 0
BOTTOM OF THE 2ND
Pawnee ParksNRec batting - Pitching for Gryfindor Braves : LHP Octávio Ríos
Batting: RHB Amon-Ra St. Brown 0-0: Foul Ball, location: 2F
0-1: DOUBLE (Line Drive, 7LM)
Batting: RHB Alan Patterson 0-0: Ball
1-0: Ball
2-0: Foul Ball, location: 2F
2-1: 2-RUN HOME RUN (Flyball, 7LD), Distance : 364 ft
Batting: RHB Daryl Moran 0-0: Ball
1-0: Foul Ball, location: 2F
1-1: SINGLE (Line Drive, 8LS)
Batting: SHB Dave Gant 0-0: Ball
1-0: Fly out, F7 (Flyball, 78D)
Batting: RHB David Tineo 0-0: Ball
1-0: Called Strike
1-1: Foul Ball, location: 2F
1-2: Ball
2-2: Foul Ball, location: 2F
2-2: Foul Ball, location: 2F
2-2: Ball
3-2: Strikes out looking
Batting: RHB Sherman N'Dir 0-0: Foul Ball, location: 2F
0-1: Ball
1-1: Ball
2-1: Foul Ball, location: 2F
2-2: Ball
3-2: Strikes out swinging
Bottom of the 2nd over - 2 runs, 3 hits, 0 errors, 1 left on base; Gryfindor 1 - Pawnee 2
TOP OF THE 3RD
Gryfindor Braves batting - Pitching for Pawnee ParksNRec : RHP Wally Copeland
Batting: RHB César Ramos 0-0: Foul Ball, location: 2F
0-1: Ball
1-1: Foul Ball, location: 2F
1-2: Ball
2-2: Foul Ball, location: 2F
2-2: Foul Ball, location: 2F
2-2: Ball
3-2: DOUBLE (Flyball, 78XD)
Batting: RHB Gonzalo Ángel 0-0: Ball
1-0: Swinging Strike
1-1: Ground out 3-1 (Groundball, 34)
César Ramos to third
Batting: RHB Damon Newbold 0-0: SINGLE (Line Drive, 78M)
César Ramos scores
Batting: LHB Jesús Lazcano 0-0: Ball
Damon Newbold steals 2nd base
1-0: Called Strike
1-1: Called Strike
1-2: Ball
2-2: Foul Ball, location: 2F
2-2: DOUBLE (Flyball, 89D)
Damon Newbold scores
Batting: LHB Austin Hathaway 0-0: Ball
1-0: Foul Ball, location: 2F
1-1: Swinging Strike
1-2: Foul Ball, location: 2F
1-2: Ball
2-2: Ball
3-2: Ground out 4-3 (Groundball, 4D)
Jesús Lazcano to third
Batting: LHB David Breitling 0-0: Called Strike
0-1: Ball
1-1: Ball
2-1: Foul Ball, location: 2F
2-2: Ball
3-2: Fly out, F9 (Flyball, 89M)
Top of the 3rd over - 2 runs, 3 hits, 0 errors, 1 left on base; Gryfindor 3 - Pawnee 2
BOTTOM OF THE 3RD
Pawnee ParksNRec batting - Pitching for Gryfindor Braves : LHP Octávio Ríos
Batting: RHB Mike Lipide 0-0: Ground out 5-3 (Groundball, 56)
Batting: RHB Daryl Yandell 0-0: Ball
1-0: Ball
2-0: Ball
3-0: Base on Balls
Batting: RHB Wilfred McLaughlin 0-0: Called Strike
0-1: Called Strike
0-2: Ball
1-2: Grounds into double play, 1-6-3 (Groundball, 13)
Bottom of the 3rd over - 0 runs, 0 hits, 0 errors, 0 left on base; Gryfindor 3 - Pawnee 2
TOP OF THE 4TH
Gryfindor Braves batting - Pitching for Pawnee ParksNRec : RHP Wally Copeland
Batting: RHB Bob Petiet 0-0: Ball
1-0: Ball
2-0: Ball
3-0: Base on Balls
Pitching: LHP Luis Cuero
Batting: LHB Donatas Montiejunas 0-0: Called Strike
0-1: Ball
1-1: Grounds out, U3 (Groundball, 3L)
Batting: RHB Roy Herring 0-0: Ball
1-0: Ball
2-0: Ball
3-0: Called Strike
3-1: Base on Balls
Batting: RHB César Ramos 0-0: Ball
1-0: Reached on error, E5 (Groundball, 56)
Bob Petiet to third
Roy Herring to second
Batting: RHB Gonzalo Ángel 0-0: Ball
1-0: Foul Ball, location: 2F
1-1: Ball
2-1: Swinging Strike
2-2: SINGLE (Line Drive, 9LS)
Bob Petiet scores
Roy Herring to third
César Ramos to second
Batting: RHB Damon Newbold 0-0: Ball
1-0: Foul Ball, location: 2F
1-1: Ball
2-1: DOUBLE (Line Drive, 8LD)
Roy Herring scores
César Ramos scores
Gonzalo Ángel to third
Batting: LHB Jesús Lazcano 0-0: Fly out, F9 (Flyball, 9S)
Batting: LHB Austin Hathaway 0-0: Ball
1-0: Ball
2-0: Called Strike
2-1: Fly out, F9 (Flyball, 9LSF)
Top of the 4th over - 3 runs, 2 hits, 1 error, 2 left on base; Gryfindor 6 - Pawnee 2
BOTTOM OF THE 4TH
Pawnee ParksNRec batting - Pitching for Gryfindor Braves : LHP Octávio Ríos
Batting: RHB Amon-Ra St. Brown 0-0: Ball
1-0: Foul Ball, location: 2F
1-1: Foul Ball, location: 2F
1-2: Foul Ball, location: 2F
1-2: Fly out, F5 (Line Drive, 5)
Batting: RHB Alan Patterson 0-0: Fly out, F5 (Popup, 56S)
Batting: RHB Daryl Moran 0-0: Foul Ball, location: 2F
0-1: Ball
1-1: Called Strike
1-2: DOUBLE (Line Drive, 3D)
Batting: SHB Dave Gant 0-0: Ball
1-0: Fly out, F8 (Flyball, 8LS)
Bottom of the 4th over - 0 runs, 1 hit, 0 errors, 1 left on base; Gryfindor 6 - Pawnee 2
TOP OF THE 5TH
Gryfindor Braves batting - Pitching for Pawnee ParksNRec : LHP Luis Cuero
Batting: LHB David Breitling 0-0: Ball
1-0: Ball
2-0: Ground out 5-3 (Groundball, 56)
Batting: RHB Bob Petiet 0-0: Foul Ball, location: 2F
0-1: Ground out 4-3 (Groundball, 4)
Batting: LHB Donatas Montiejunas 0-0: Ground out 5-3 (Groundball, 56S)
Top of the 5th over - 0 runs, 0 hits, 0 errors, 0 left on base; Gryfindor 6 - Pawnee 2
BOTTOM OF THE 5TH
Pawnee ParksNRec batting - Pitching for Gryfindor Braves : LHP Octávio Ríos
Batting: RHB David Tineo 0-0: Called Strike
0-1: Ball
1-1: Ball
2-1: Ball
3-1: Called Strike
3-2: Fly out, F8 (Flyball, 8LD)
Batting: RHB Sherman N'Dir 0-0: Ball
1-0: Foul Ball, location: 2F
1-1: Ball
2-1: Ground out 5-3 (Groundball, 5S)
Batting: RHB Mike Lipide 0-0: SINGLE (Line Drive, 6D)
Batting: RHB Daryl Yandell 0-0: Called Strike
0-1: Ground out 4-3 (Groundball, 4)
Bottom of the 5th over - 0 runs, 1 hit, 0 errors, 1 left on base; Gryfindor 6 - Pawnee 2
TOP OF THE 6TH
Gryfindor Braves batting - Pitching for Pawnee ParksNRec : LHP Luis Cuero
Batting: RHB Roy Herring 0-0: Ball
1-0: Ball
2-0: Ball
3-0: Base on Balls
Batting: RHB César Ramos 0-0: Ball
1-0: 2-RUN HOME RUN (Flyball, 7D), Distance : 385 ft
Pitching: RHP Inocencio Galló
Batting: RHB Gonzalo Ángel 0-0: Called Strike
0-1: Swinging Strike
0-2: Strikes out swinging
Batting: RHB Damon Newbold 0-0: Called Strike
0-1: Ball
1-1: Ground out 4-3 (Groundball, 4S)
Batting: LHB Jesús Lazcano 0-0: Fly out, F9 (Flyball, 9)
Top of the 6th over - 2 runs, 1 hit, 0 errors, 0 left on base; Gryfindor 8 - Pawnee 2
BOTTOM OF THE 6TH
Pawnee ParksNRec batting - Pitching for Gryfindor Braves : LHP Octávio Ríos
Batting: RHB Wilfred McLaughlin 0-0: Foul Ball, location: 2F
0-1: Ball
1-1: Swinging Strike
1-2: Strikes out swinging
Batting: RHB Amon-Ra St. Brown 0-0: Foul Ball, location: 2F
0-1: Foul Ball, location: 2F
0-2: Ball
1-2: Strikes out swinging
Batting: RHB Alan Patterson 0-0: Ball
1-0: Called Strike
1-1: Ball
2-1: Ball
3-1: SINGLE (Groundball, 6D)
Batting: RHB Daryl Moran 0-0: Called Strike
0-1: Ground out 4-3 (Groundball, 4)
Bottom of the 6th over - 0 runs, 1 hit, 0 errors, 1 left on base; Gryfindor 8 - Pawnee 2
TOP OF THE 7TH
Gryfindor Braves batting - Pitching for Pawnee ParksNRec : RHP Inocencio Galló
Batting: LHB Austin Hathaway 0-0: Ball
1-0: Foul Ball, location: 2F
1-1: Foul Ball, location: 2F
1-2: Ball
2-2: Foul Ball, location: 2F
2-2: Fly out, F9 (Line Drive, 9D)
Batting: LHB David Breitling 0-0: Ball
1-0: Foul Ball, location: 2F
1-1: Swinging Strike
1-2: Foul Ball, location: 2F
1-2: Ground out 4-3 (Groundball, 4)
Batting: RHB Bob Petiet 0-0: Ground out 6-3 (Groundball, 6)
Top of the 7th over - 0 runs, 0 hits, 0 errors, 0 left on base; Gryfindor 8 - Pawnee 2
BOTTOM OF THE 7TH
Pawnee ParksNRec batting - Pitching for Gryfindor Braves : LHP Octávio Ríos
Batting: SHB Dave Gant 0-0: Ground out 4-3 (Groundball, 4M)
Batting: RHB David Tineo 0-0: Ball
1-0: Ball
2-0: Ball
3-0: Base on Balls
Batting: RHB Sherman N'Dir 0-0: Ball
1-0: Swinging Strike
1-1: Called Strike
1-2: Fly out, F8 (Flyball, 8RD)
Batting: RHB Mike Lipide 0-0: Called Strike
0-1: Ball
1-1: Fly out, F7 (Flyball, 7)
Bottom of the 7th over - 0 runs, 0 hits, 0 errors, 1 left on base; Gryfindor 8 - Pawnee 2
TOP OF THE 8TH
Gryfindor Braves batting - Pitching for Pawnee ParksNRec : RHP Inocencio Galló
Batting: LHB Donatas Montiejunas 0-0: Ground out 6-3 (Groundball, 6M)
Batting: RHB Roy Herring 0-0: Ground out 6-3 (Groundball, 56)
Batting: RHB César Ramos 0-0: Ball
1-0: Ball
2-0: Called Strike
2-1: Ball
3-1: Base on Balls
Batting: RHB Gonzalo Ángel 0-0: Ground out 6-3 (Groundball, 6S)
Top of the 8th over - 0 runs, 0 hits, 0 errors, 1 left on base; Gryfindor 8 - Pawnee 2
BOTTOM OF THE 8TH
Pawnee ParksNRec batting - Pitching for Gryfindor Braves : LHP Octávio Ríos
Batting: RHB Daryl Yandell 0-0: Called Strike
0-1: Ground out 6-3 (Groundball, 6)
Batting: RHB Wilfred McLaughlin 0-0: Ball
1-0: Ball
2-0: Foul Ball, location: 2F
2-1: Foul Ball, location: 2F
2-2: Strikes out looking
Batting: RHB Amon-Ra St. Brown 0-0: Swinging Strike
0-1: DOUBLE (Line Drive, 78D)
Pitching: RHP Rodrigo Torres
Batting: RHB Alan Patterson 0-0: Called Strike
0-1: Ground out 4-3 (Groundball, 4)
Bottom of the 8th over - 0 runs, 1 hit, 0 errors, 1 left on base; Gryfindor 8 - Pawnee 2
TOP OF THE 9TH
Gryfindor Braves batting - Pitching for Pawnee ParksNRec : RHP Inocencio Galló
Batting: RHB Damon Newbold 0-0: SINGLE (Line Drive, 6D)
Batting: LHB Jesús Lazcano 0-0: Called Strike
0-1: Ball
1-1: Ball
2-1: Ball
3-1: Base on Balls
Damon Newbold to second
Batting: LHB Austin Hathaway 0-0: Ball
1-0: Ball
2-0: Foul Ball, location: 2F
2-1: Ball
3-1: Foul Ball, location: 2F
3-2: Base on Balls
Damon Newbold to third
Jesús Lazcano to second
Batting: LHB David Breitling 0-0: Called Strike
0-1: Hit by Pitch
Damon Newbold scores
Jesús Lazcano to third
Austin Hathaway to second
Batting: RHB Bob Petiet 0-0: Called Strike
0-1: Swinging Strike
0-2: Fly out, F7 (Flyball, 7)
Runner from 3rd tags up, SCORES, no throw
Batting: LHB Donatas Montiejunas 0-0: Ball
1-0: Swinging Strike
1-1: Foul Ball, location: 2F
1-2: Foul Ball, location: 2F
1-2: DOUBLE (Line Drive, 89D)
Austin Hathaway scores
David Breitling to third
Batting: RHB Roy Herring 0-0: Ball
1-0: Called Strike
1-1: Swinging Strike
1-2: Ball
2-2: Foul Ball, location: 2F
2-2: Ball
3-2: Foul Ball, location: 2F
3-2: Reached on error, E5 (Groundball, 56)
David Breitling scores
Donatas Montiejunas scores
Pitching: RHP Luis Castrejón
Batting: RHB César Ramos 0-0: Called Strike
0-1: Ball
1-1: Foul Ball, location: 2F
1-2: Ball
2-2: Ball
3-2: Foul Ball, location: 2F
3-2: Ground out 6-3 (Groundball, 6D)
Batting: RHB Gonzalo Ángel 0-0: Foul Ball, location: 2F
0-1: Foul Ball, location: 2F
0-2: Foul Ball, location: 2F
0-2: Strikes out swinging
Top of the 9th over - 5 runs, 2 hits, 1 error, 1 left on base; Gryfindor 13 - Pawnee 2
BOTTOM OF THE 9TH
Pawnee ParksNRec batting - Pitching for Gryfindor Braves : RHP Rodrigo Torres
Now at SS: Tyler Knopp
Now in LF: Ernesto Souza
Batting: RHB Daryl Moran 0-0: Called Strike
0-1: Foul Ball, location: 2F
0-2: Foul Ball, location: 2F
0-2: SINGLE (Line Drive, 8RS)
Batting: SHB Dave Gant 0-0: Called Strike
0-1: Ball
1-1: Called Strike
1-2: Foul Ball, location: 2F
1-2: SINGLE (Line Drive, 56D)
Daryl Moran to second
Batting: RHB David Tineo 0-0: Ball
1-0: Ball
2-0: Ball
3-0: Base on Balls
Daryl Moran to third
Dave Gant to second
Batting: RHB Sherman N'Dir 0-0: Called Strike
0-1: Fielders Choice at 2nd, 5-4 (Groundball, 56)
Daryl Moran scores
Dave Gant to third
Batting: RHB Mike Lipide 0-0: Ball
1-0: Ball
2-0: Called Strike
2-1: Fly out, F7 (Flyball, 78S)
Batting: RHB Daryl Yandell 0-0: Ball
1-0: Swinging Strike
1-1: Foul Ball, location: 2F
1-2: Foul Ball, location: 2F
1-2: Strikes out swinging
Bottom of the 9th over - 1 run, 2 hits, 0 errors, 2 left on base; Gryfindor 13 - Pawnee 3
Wednesday, September 19th, 2018 - OOTP Baseball 18.8 Build 76